 Seeded DCSS version 0.27-a0-1500-g450c7e4133 (webtiles) character file.

Game seed: 20210707 (custom seed)

126 muata the Skirmisher (level 4, -1/38 HPs)
             Began as a Demonspawn Monk on July 8, 2021.
             Killed by nerve-wracking pain
             ... invoked by an orc priest
              (13 damage)
             ... on level 3 of the Dungeon.
             The game lasted 00:06:11 (2516 turns).

muata the Skirmisher (Demonspawn Monk)              Turns: 2516, Time: 00:06:11

Health: -1/38      AC:  3    Str: 11    XL:     4   Next: 84%
Magic:  4/4        EV: 12    Int: 18    God:
Gold:   58         SH:  0    Dex: 16    Spells: 3/3 levels left

rFire    . . .     SeeInvis .     - Unarmed
rCold    . . .     Faith    .   (no shield)
rNeg     . . .     Spirit   .   b - +0 leather armour
rPois    .         Reflect  .   (no helmet)
rElec    .         Harm     .   (no cloak)
rCorr    .         Rampage  .   (no gloves)
Will     .....                  (no boots)
Stlth    ++........             h - amulet of regeneration
HPRegen  1.12/turn              j - +6 ring of intelligence
MPRegen  0.09/turn              (no ring)

@: no status effects
A: demonic magic 1
a: no special abilities


You were on level 3 of the Dungeon.
You visited 1 branch of the dungeon, and saw 3 of its levels.

You collected 58 gold pieces.

Inventory:

Armour
 a - a +0 robe
 b - a +0 leather armour (worn)
Jewellery
 h - an amulet of regeneration (around neck)
 j - a +6 ring of intelligence (left hand)
Wands
 k - a wand of iceblast (8)
Scrolls
 e - a scroll of fog {unknown}
 f - 3 scrolls of amnesia {unknown}
 g - a scroll of identify {unknown}
 i - 2 scrolls of fear {unknown}
Potions
 c - a potion of lignification {unknown}
 d - a potion of curing {unknown}
 l - a potion of heal wounds {unknown}


   Skills:
 + Level 4.4 Fighting
 - Level 2.6 Dodging
 - Level 1.7 Stealth
 + Level 4.1 Unarmed Combat


You had 3 spell levels left.
You didn't know any spells.
Your spell library contained the following spells:

 Spells                   Type           Power      Damage    Failure   Level
 Sting                    Tmut/Pois      0%         1d3       28%         1
 Poisonous Vapours        Pois/Air       0%         N/A       41%         2
 Olgreb's Toxic Radiance  Pois           0%         N/A       96%         4


Dungeon Overview and Level Annotations

Branches:
Dungeon (3/15)

Altars:

Shops:
D:2 :


Innate Abilities, Weirdness & Mutations

Spells you cast may paralyse adjacent enemies.


Message History

You kill the orc!
There is an open door, spattered with blood here.
Items here: ( ))))) ††.
An orc priest comes into view. It is wielding a +0 dagger.
The orc priest shouts!
The orc priest hits you with a +0 flail!
You hit the orc priest but do no damage.
The orc priest mumbles some strange prayers to Beogh against you.
Beogh smites you!
You hit the orc priest but do no damage.
The orc priest misses you.
You barely miss the orc priest.
The orc priest hits you with a +0 dagger.
You hit the orc priest.
The orc priest is moderately wounded.
The orc priest closely misses you.
The orc priest mumbles some strange prayers to Beogh against you.
Pain shoots through your body!
You punch the orc priest!
The orc priest is heavily wounded.
The orc priest casts a cantrip, but nothing happens.
The orc priest miscasts a cantrip.
You hit the orc priest.
The orc priest is almost dead.
The orc priest hits you with a +0 flail.
The orc priest calls down the wrath of Beogh upon you.
Beogh smites you!
* * * LOW HITPOINT WARNING * * *
You hit the orc priest.
The orc priest is almost dead.
The orc priest closely misses you. x2
You hit the orc priest.
You kill the orc priest!
The orc priest completely misses you.
Your Unarmed Combat skill increases to level 4!
There is an open door, spattered with blood here.
Items here: ( ))))) ††.
The orc priest calls down the wrath of Beogh upon you.
Pain shoots through your body!
You die...

..#######.## #.# ### #.# #.# #
#.# #.###### # ##+## #####......#
# ##...## #.....####.# ### #
##.....## #.###.# #.# #.. ##
##.......###.##..####.# #.#
.####.........##.......##.#####..
....+.........o.@...........†....
.####.........####...#.##.#####..
## ##.......## ##.......# #.# #
##....)## ####.#### #.# ###
##...## #.# #.. ..# ##'## #.# ###
#.# #.# #.# #.# #.# ##########.#
#.#######.###.......(..#


You could see an orc priest.

Vanquished Creatures
  An orc priest (D:3)
  Terence (D:2)
  An adder (D:3)
  A gnoll (D:1)
  5 orcs (D:3)
  4 endoplasms
  5 giant cockroaches
  4 hobgoblins
  A jackal (D:2)
  7 ball pythons
  5 bats
  A frilled lizard (D:1)
  5 goblins
  3 kobolds (D:2)
  6 rats
50 creatures vanquished.

Notes
Turn   | Place    | Note
-------+----------+-------------------------------------------
     0 | D:1      | muata the Demonspawn Monk began the quest for the Orb.
     0 | D:1      | Reached XP level 1. HP: 18/18 MP: 1/1
    42 | D:1      | Found a faded altar of an unknown god.
   188 | D:1      | Noticed a shining eye
   195 | D:1      | Noticed a golden eye
   198 | D:1      | Noticed an eye of devastation
   198 | D:1      | Noticed a great orb of eyes
   390 | D:1      | Gained mutation: Spells you cast may paralyse adjacent
                  | enemies. [demonic ancestry]
   390 | D:1      | Reached XP level 2. HP: 12/24 MP: 2/2
   877 | D:1      | Reached XP level 3. HP: 29/29 MP: 3/3
  1278 | D:2      | Found Tuate's Book Shoppe.
  2046 | D:3      | Noticed Terence
  2155 | D:2      | Killed Terence
  2156 | D:2      | Reached XP level 4. HP: 16/37 MP: 4/4
  2516 | D:3      | Killed from afar by an orc priest

Illustrated notes

Levels and vault maps discovered:
D:1:      sevenhm_arrival_forest_fort_small_3, layout_basic, serial_glass,
          glass_columns_a, glass_columns_b, glass_columns_a, glass_columns_a,
          hellmonk_ecumenical_altar_watching_god
D:2:      minmay_evil_eye, layout_loops_ring, serial_shops,
          nicolae_shop_window_shopping
D:3:      cheibrodos_pilgrimage, layout_loops_corners, uniq_terence

Skill      XL: |  1  2  3  4 |
---------------+-------------+-----
Unarmed Combat | 3 4 |  4.1
Fighting       | 4 |  4.4
Dodging        | |  2.6
Stealth        | |  1.7

Action                   |  1- 3 |  4- 6 || total
-------------------------+-------+-------++-------
Melee: Unarmed           |   180 |    47 ||   227
       Punch             |     1 |     1 ||     2
 Stab: Sleeping          |     5 |     3 ||     8
Armor: Leather armour    |    21 |     8 ||    29
       Robe              |     1 |       ||     1
Dodge: Dodged            |   101 |    26 ||   127

Table legend: (Time is in decaauts)
 A = Elapsed time spent in this place.
 B = Non-inter-level travel time spent in this place.
 C = Inter-level travel time spent in this place.
 D = Time resting spent in this place.
 E = Time spent auto-exploring this place.
 F = Levels seen in this place.
 G = Mean time per level.
                   A        B        C        D        E       F      G
               +--------+--------+--------+--------+--------+-----+--------+
         Total |   2501 |   2429 |     72 |    282 |   1539 |   3 |  833.7 |
       Dungeon |   2501 |   2429 |     72 |    282 |   1539 |   3 |  833.7 |
               +--------+--------+--------+--------+--------+-----+--------+

Top non-repeatable levels by time:
     D:1: 1108 daAuts
     D:2: 980 daAuts
     D:3: 412 daAuts
